 Dungeon Crawl Stone Soup version 0.19-a0-1457-g32fba05 (webtiles) character file.

6022 sveltemanboy the Carver (level 11, -2/75 HPs)
             Began as a Human Fighter on Sept 6, 2016.
             Was a Believer of Ashenzari.
             Slain by a troll (5 damage)
             ... on level 8 of the Dungeon.
             The game lasted 00:33:27 (10793 turns).

sveltemanboy the Carver (Human Fighter)            Turns: 10793, Time: 00:33:28

Health: -2/75      AC: 14    Str: 18 (19) XL:     11   Next: 10%
Magic:  12/12      EV:  9    Int: 11      God:    Ashenzari [**....]
Gold:   442        SH: 14    Dex: 14 (16) Spells: 0 memorised, 10 levels left

rFire  . . .     SeeInvis .     a - +1 long sword (curse)
rCold  + . .     Gourm    .     y - +0 chain mail
rNeg   . . .     Faith    .     c - +2 shield (curse)
rPois  .         Spirit   .     u - +0 helmet (curse)
rElec  .         Dismiss  .     G - +0 cloak
rCorr  .         Reflect  .     b - +1 pair of gloves {Dex+3} (curse)
MR     .....     Harm     .     (no boots)
Stlth  .......... Rnd*Rage +    v - amulet of regeneration (curse)
                                t - +2 ring of evasion (curse)
                                h - ring of protection from cold (curse)

@: very slightly contaminated
A: berserk 1, clever 1, mutation resistance 1, sense surroundings 1, wild magic
1
a: Curse Item, Scrying, Renounce Religion


You were on level 8 of the Dungeon.
You worshipped Ashenzari.
Ashenzari was pleased with you.
You were not hungry.

You visited 2 branches of the dungeon, and saw 10 of its levels.
You also visited: Sewer.

You collected 442 gold pieces.

Inventory:

Hand Weapons
 a - a cursed +1 long sword (weapon)
Missiles
 r - 6 tomahawks (quivered)
Armour
 b - a cursed +1 pair of gloves of dexterity (worn)
 c - a cursed +2 shield (worn)
 u - a cursed +0 helmet (worn)
 y - a +0 chain mail (worn)
 G - a +0 cloak (worn)
Jewellery
 h - a cursed ring of protection from cold (left hand)
 o - an uncursed ring of protection from cold
 t - a cursed +2 ring of evasion (right hand)
 v - a cursed amulet of regeneration (around neck)
Wands
 d - a wand of polymorph (4/24)
 w - a wand of digging (4/24)
Scrolls
 g - a scroll of fear
 j - 7 scrolls of recharging
 l - a scroll of magic mapping
 p - 3 scrolls of identify
 z - 3 scrolls of enchant armour
 F - 5 scrolls of teleportation
Potions
 e - a potion of resistance
 i - a potion of brilliance
Miscellaneous
 s - a phantom mirror
Comestibles
 f - 7 bread rations
 k - 5 slices of pizza
 m - 5 meat rations
 q - 9 beef jerkies
 x - 10 chunks of flesh


   Skills:
 - Level 3.0 Fighting
 * Level 11.7(13.7) Long Blades
 - Level 6.0 Armour
 - Level 2.0 Dodging
 + Level 9.4(10.8) Shields
 + Level 2.5(4.4) Evocations


You had 10 spell levels left.
You didn't know any spells.

Dungeon Overview and Level Annotations

Branches:
Dungeon (9/15)             Temple (1/1) D:6             Orc (0/2) D:9
   Lair: D:8-11

Altars:
Ashenzari
Cheibriados
Dithmenos
Elyvilon
Fedhas
Gozag
Hepliaklqana
Kikubaaqudgha
Makhleb
Nemelex Xobeh
Okawaru
Qazlal
Ru
Sif Muna
Trog
Uskayaw
Vehumet
Xom
Yredelemnul
Zin
The Shining One


Innate Abilities, Weirdness & Mutations

You tend to lose your temper in combat.
Your mind is acute. (Int +2)
You are somewhat resistant to further mutation.
You passively map a small area around you.
Your spells are a little harder to cast, but a little more powerful.


Message History

You slash the troll!
The troll is moderately wounded.
The troll bites you!
* * * LOW HITPOINT WARNING * * *
You block the troll's attack. The troll claws you but does no damage.
You slash the troll!
The troll is heavily wounded.
You hit the troll but do no damage.
The troll is heavily wounded.
The troll bites you but does no damage. You block the troll's attack.
The troll barely misses you.
You hit the troll.
The troll is severely wounded.
You block the troll's attack. x2; The troll claws you!
* * * LOW HITPOINT WARNING * * *
You hit the troll.
The troll is severely wounded.
You block the troll's attack. The troll claws you but does no damage.
The troll claws you.
You die...

..............#
####..#####..##
#..#####.<#
####.........#######
.....######........#
#.#### #..#####.# #.# #..#
#.# #.#########..#####.#
................@..#######
##
#.#########..##..T.......#
#. #.# ##.†.##....#####.#
#. #.# #..........# #.#
#####. .># ##...#######
#.# #..... ### ##.## #.#
#.###. #.# #.###.# #. #.#
#..##.# #. ## ##+##
##.##.# #.


You could see a troll.

Vanquished Creatures
  Pikel (D:5)
  The ghost of DEFE the Chopper, an amateur HOFi (D:4)
  Sigmund (D:6)
  Grum (D:8)
  2 wyverns
  A hungry ghost (D:8)
  Menkaure (D:5)
  3 water moccasins
  3 orc warriors
  2 ice beasts
  2 slaves (D:5)
  A black bear (D:8)
  A necrophage (D:8)
  A phantom (D:8)
  9 ogres
  A centaur (D:9)
  2 wolves (D:8)
  2 big kobolds (D:9)
  Blork the orc (D:6)
  A gnoll sergeant (D:9)
  6 giant frogs
  4 scorpions
  5 howler monkeys
  A giant frog zombie (D:7)
  2 crimson imps
  Crazy Yiuf (D:5)
  5 hounds
  14 orc wizards
  A centaur skeleton (D:8)
  4 orc priests
  Ijyb (D:3)
  2 iguanas
  4 worker ants
  A hound zombie (D:8)
  A worker ant zombie (D:7)
  A howler monkey zombie (D:8)
  4 gnolls
  Robin (D:2)
  8 adders
  2 shadow imps (D:8)
  10 oozes
  An adder skeleton (D:4)
  3 worms
  12 giant geckos
  48 orcs
  11 ball pythons
  4 bats
  23 giant cockroaches
  15 goblins
  13 hobgoblins
  5 jackals
  12 kobolds
  A quokka (D:7)
  12 giant newts
  A quokka zombie (D:9)
  14 rats
290 creatures vanquished.

Vanquished Creatures (others)
  A human (D:3)
  An orc wizard (D:9)
2 creatures vanquished.

Grand Total: 292 creatures vanquished

Notes
Turn   | Place    | Note
-------+----------+-------------------------------------------
     0 | D:1      | sveltemanboy the Human Fighter began the quest for the Orb.
     0 | D:1      | Reached XP level 1. HP: 18/18 MP: 1/1
   115 | D:1      | Reached XP level 2. HP: 24/24 MP: 2/2
   422 | D:1      | Reached XP level 3. HP: 28/29 MP: 3/3
  1096 | D:2      | Reached XP level 4. HP: 33/35 MP: 4/4
  1178 | D:2      | Reached skill level 3 in Long Blades
  1395 | D:2      | Noticed Robin
  1721 | D:2      | Killed Robin
  1726 | D:2      | Reached XP level 5. HP: 28/41 MP: 5/5
  2209 | D:3      | Noticed Ijyb
  2223 | D:3      | Killed Ijyb
  2242 | D:3      | Found a glowing drain.
  2260 | Sewer    | Entered a sewer
  2589 | Sewer    | Reached XP level 6. HP: 47/47 MP: 6/6
  2754 | Sewer    | Reached skill level 4 in Long Blades
  3104 | Sewer    | Reached skill level 5 in Long Blades
  3104 | Sewer    | Reached XP level 7. HP: 40/52 MP: 7/7
  3354 | D:3      | Reached skill level 5 in Shields
  3591 | D:3      | Found an ancient bone altar of Kikubaaqudgha.
  3591 | D:3      | Noticed a human
  3599 | D:3      | Killed a human
  4292 | D:4      | Noticed DEFE's ghost (amateur HOFi)
  4632 | D:4      | Reached skill level 6 in Long Blades
  4704 | D:4      | Killed DEFE's ghost
  4704 | D:4      | Reached XP level 8. HP: 49/58 MP: 8/8
  5012 | D:4      | Gained mutation: You are weak. (Str -2) [potion of mutation]
  5012 | D:4      | Gained mutation: You passively map a small area around you. [potion of mutation]
  5012 | D:4      | Gained mutation: You tend to lose your temper in combat. [potion of mutation]
  5016 | D:5      | Entered Level 5 of the Dungeon
  5193 | D:5      | Reached skill level 7 in Long Blades
  5269 | D:5      | Noticed Pikel
  5296 | D:5      | Killed Pikel
  5296 | D:5      | Reached skill level 8 in Long Blades
  5434 | D:5      | Noticed Menkaure
  5451 | D:5      | Killed Menkaure
  5451 | D:5      | Reached XP level 9. HP: 29/63 MP: 9/9
  5887 | D:5      | Found a runed door.
  5891 | D:5      | Noticed Crazy Yiuf
  5896 | D:5      | Paralysed by Crazy Yiuf for 2 turns
  5904 | D:5      | Killed Crazy Yiuf
  6363 | D:6      | Reached skill level 9 in Long Blades
  6423 | D:6      | Found a staircase to the Ecumenical Temple.
  6431 | Temple   | Entered the Ecumenical Temple
  6493 | Temple   | Became a worshipper of Ashenzari the Shackled
  6678 | D:6      | Found an iron altar of Okawaru.
  6703 | D:6      | Noticed Blork the orc
  6715 | D:6      | Killed Blork the orc
  6973 | D:6      | Noticed Sigmund
  6990 | D:6      | Killed Sigmund
  7109 | D:6      | Reached skill level 1 in Dodging
  7587 | D:7      | Identified a scroll of acquirement
  7745 | D:7      | Reached skill level 10 in Long Blades
  7897 | D:7      | Reached * piety under Ashenzari
  7984 | D:8      | Reached XP level 10. HP: 65/70 MP: 10/10
  8252 | D:8      | Lost mutation: You are weak. (Str -2) [potion of mutation]
  8252 | D:8      | Gained mutation: Your mind is acute. (Int +2) [potion of mutation]
  8252 | D:8      | Gained mutation: Your spells are a little harder to cast, but a little more powerful. [potion of mutation]
  8253 | D:8      | Gained mutation: You are somewhat resistant to further mutation. [potion of mutation]
  8470 | D:8      | Noticed Grum
  8482 | D:8      | Reached skill level 5 in Armour
  8501 | D:8      | Killed Grum
  9114 | D:8      | Reached skill level 11 in Long Blades
  9305 | D:9      | HP: 2/70 [giant frog (6)]
  9937 | D:9      | Reached skill level 1 in Evocations
 10010 | D:9      | Reached ** piety under Ashenzari
 10508 | D:9      | Found a staircase to the Orcish Mines.
 10569 | D:9      | Reached XP level 11. HP: 53/75 MP: 12/12
 10792 | D:8      | HP: 2/75 [troll (8)]
 10793 | D:8      | Slain by a troll

Vault maps used:
D:1:      erik_arrival_gehennom, glass_columns_b, nrook_loot_triangle
D:2:      minmay_misc_feat_chi, hangedman_decor_growths, uniq_robin
D:3:      first_bread, portal_sewer_entry_a, serial_bayou_lagoon_a,
          minmay_misc_feat_more_columns, tgw_kikubaaqudgha, uniq_iyjb
D:4:      grunt_decor_arrowhead
D:5:      uniq_crazy_yiuf_cottage, uniq_pikel, uniq_menkaure
D:6:      okawaru_altar_gauntlet_db, uniq_blork_the_orc, uniq_sigmund
D:8:      uniq_grum
D:9:      kennysheep_orc_monster_closet_entryway
Temple:   grunt_wide_crystal_templ
Sewer:    sewer_frog_island_02

Skill      XL: |  1  2  3  4  5  6  7  8  9 10 11 |
---------------+----------------------------------+-----
Long Blades    | 3 5 6 8 10 11 | 11.7
Shields        | 4 5 6 8 9 |  9.4
Armour         | 4 6 |  6.0
Dodging        | 2 |  2.0
Evocations     | 1 2 |  2.5
Fighting       | |  3.0

Action                   |  1- 3 |  4- 6 |  7- 9 | 10-12 || total
-------------------------+-------+-------+-------+-------++-------
Melee: Long sword        |   121 |   379 |   528 |   520 ||  1548
       Unarmed           |       |       |       |    19 ||    19
Throw: Stone             |    45 |    70 |    21 |       ||   136
       Tomahawk          |       |       |    23 |    31 ||    54
Invok: Curse Item        |       |       |     5 |     1 ||     6
Evoke: Wand              |       |       |       |     2 ||     2
  Use: Potion            |       |       |    11 |    14 ||    25
       Scroll            |       |       |    18 |       ||    18
 Stab: Invisible         |       |       |       |     2 ||     2
  Eat: Chunk             |     1 |     8 |    19 |    12 ||    40
       Beef jerky        |       |       |       |     1 ||     1
Armor: Scale mail        |    29 |   165 |    83 |    60 ||   337
       Skin              |       |       |    25 |       ||    25
       Chain mail        |       |       |       |    43 ||    43
Dodge: Dodged            |    23 |   127 |   139 |   125 ||   414
Block: Shield            |    50 |   191 |   241 |   260 ||   742
